 Dungeon Crawl Stone Soup version 0.24-a0-434-gd57e52fea8 (webtiles) character file.

Game seed: 10614559785027064562

7037 Napalmbreeze the Magician (level 11, -2/84 HPs)
             Began as a Gnoll Skald on June 3, 2019.
             Was a Priest of Okawaru.
             Shot with an arrow by a centaur (8 damage)
             ... on level 11 of the Dungeon on June 15, 2019.
             The game lasted 00:44:19 (11404 turns).

Napalmbreeze the Magician (Gnoll Skald)            Turns: 11404, Time: 00:44:21

Health: -2/84      AC: 12    Str: 16    XL:     11   Next: 9%
Magic:  7/22       EV: 12    Int: 16    God:    Okawaru [***...]
Gold:   629        SH:  0    Dex: 15    Spells: 19/25 levels left

rFire    + . .     SeeInvis .   f - +0 halberd
rCold    + . .     Gourm    .   (shield currently unavailable)
rNeg     . . .     Faith    .   N - +3 troll leather armour {Snorg}
rPois    .         Spirit   .   r - +2 helmet
rElec    .         Reflect  .   H - scarf {rC+ rF+}
rCorr    .         Harm     .   G - +0 pair of gloves
MR       +....     Rnd*Tele +   I - +0 pair of boots (curse)
Stlth    +.........             p - amulet of inaccuracy (curse)
HPRegen  0.64/turn              h - ring of teleportation (curse)
MPRegen  0.18/turn              w - ring of protection from magic

@: very slightly contaminated, extremely drained
A: distributed training, fangs 1, strong nose
a: Heroism, Renounce Religion


You were on level 11 of the Dungeon.
You worshipped Okawaru.
Okawaru was most pleased with you.
You were very hungry.

You visited 2 branches of the dungeon, and saw 12 of its levels.

You collected 629 gold pieces.

Inventory:

Hand Weapons
 a - a +0 spear
 f - a +0 halberd (weapon)
 E - the +2 rapier "Cuidom" {flame, Str+5 Stlth+, unknown}
   (You found it on level 8 of the Dungeon)

   It has been specially enchanted to burn those struck by it, causing extra
   injury to most foes and up to half again as much damage against particularly
   susceptible opponents.
   It affects your strength (+5).
   It makes you more stealthy.
Armour
 b - a +0 leather armour
 c - a +0 scale mail
 r - a +2 helmet (worn)
 v - the -2 hat of the Alchemist {rElec rPois rF+ rC+ rN+ MR+ rMut rCorr}
   (You found it on level 4 of the Dungeon)

   It protects you from fire.
   It protects you from cold.
   It insulates you from electricity.
   It protects you from poison.
   It protects you from negative energy.
   It affects your resistance to hostile enchantments.
   It provides partial protection from all sources of acid and corrosion.
   It protects you from mutation.
 G - a +0 pair of gloves (worn)
 H - a scarf of resistance (worn)
 I - a cursed +0 pair of boots (worn)
 N - a +3 troll leather armour (worn) {Snorg}
Magical Staves
 m - an uncursed staff of wizardry {unknown}
Jewellery
 h - a cursed ring of teleportation (left hand)
 j - an uncursed amulet of guardian spirit
 o - an uncursed amulet of the gourmand
 p - a cursed amulet of inaccuracy (around neck)
 u - an uncursed ring of protection from magic
 w - a ring of protection from magic (right hand)
 C - an uncursed amulet of rage {unknown}
Wands
 t - a wand of iceblast (9)
 y - a wand of polymorph (13)
 J - a wand of acid (11)
 K - a wand of clouds (5)
Scrolls
 i - a scroll of amnesia
 l - a scroll of fog
 n - a scroll of teleportation
 q - 2 scrolls of identify
 s - a scroll of magic mapping
 x - 3 scrolls of fear
 A - 2 scrolls of blinking
 B - 3 scrolls of immolation
 F - a scroll of brand weapon
 L - a scroll of summoning
Potions
 e - 2 potions of brilliance
 g - 2 potions of flight
 k - 2 potions of haste
 z - a potion of berserk rage {unknown}
 M - a potion of agility
 O - a potion of resistance {unknown}
Comestibles
 d - 16 rations


   Skills:
 + Level 7.5(1.7) Fighting
 + Level 5.8(0.3) Short Blades
 + Level 5.8(0.3) Long Blades
 + Level 5.8(0.3) Axes
 + Level 5.8(0.3) Maces & Flails
 + Level 7.5(1.7) Polearms
 + Level 5.8(0.3) Staves
 + Level 5.8(0.3) Slings
 + Level 5.8(0.3) Bows
 + Level 5.8(0.3) Crossbows
 + Level 5.8(0.3) Throwing
 + Level 6.4(0.8) Armour
 + Level 7.5(1.7) Dodging
 + Level 5.8(0.3) Stealth
 + Level 5.8(0.3) Shields
 + Level 5.8(0.3) Unarmed Combat
 + Level 7.8(1.9) Spellcasting
 + Level 4.8(0.0) Conjurations
 + Level 4.8(0.0) Hexes
 + Level 7.4(1.6) Charms
 + Level 4.8(0.0) Summonings
 + Level 4.8(0.0) Necromancy
 + Level 4.8(0.0) Translocations
 + Level 4.8(0.0) Transmutations
 + Level 4.8(0.0) Fire Magic
 + Level 4.8(0.0) Ice Magic
 + Level 4.8(0.0) Air Magic
 + Level 4.8(0.0) Earth Magic
 + Level 4.8(0.0) Poison Magic
 + Level 6.4(0.8) Invocations
 + Level 5.8(0.3) Evocations


You had 19 spell levels left.
You knew the following spells:

 Your Spells              Type           Power        Failure   Level  Hunger
a - Infusion              Chrm           #...         13%         1    #......
d - Song of Slaying       Chrm           #.......     21%         2    ###....
s - Spectral Weapon       Hex/Chrm       #.......     50%         3    ###....

Your spell library contained the following spells:

 Spells                   Type           Power        Failure   Level  Hunger
 Shroud of Golubria       Chrm/Tloc      #.....       28%         2    ###....
 Regeneration             Chrm/Necr      #.........   50%         3    ###....


Dungeon Overview and Level Annotations

Branches:
Dungeon (10/15)            Temple (1/1) D:7            Lair (0/6) D:10
    Orc: D:9-12

Altars:
Ashenzari
Cheibriados
Dithmenos
Elyvilon
Fedhas
Gozag
Hepliaklqana
Kikubaaqudgha
Makhleb
Nemelex Xobeh
Okawaru
Qazlal
Ru
Sif Muna
Trog
Uskayaw
Vehumet
Wu Jian
Xom
Yredelemnul
Zin
The Shining One

Annotations:
D:3 1 runed translucent door, Thantalas's ghost, amateur GnFi
D:9 3 runed translucent doors, exclusion: 2 doors, Chimkentus's ghost, novice OpAs
D:10 1 runed translucent door, sentinel's ghost, journeyman MfMo
D:11 Sonja


Innate Abilities, Weirdness & Mutations

Your experience applies equally to all skills.
You have very sharp teeth.
Your uncanny sense of smell can sniff out nearby items.


Message History

The wyvern closely misses you.
A sky beast comes into view.
The wyvern barely misses you.
Unknown command.
The wyvern bites you!
* * * LOW HITPOINT WARNING * * *
Unknown command.
Blink to where?
Press: ? - help, Dir - move target cursor
As you read the scroll of blinking, it crumbles to dust.
You feel yourself speed up.
Found a stone staircase leading down.
You feel like a meek peon again.
A centaur comes into view.
The centaur shouts!
The centaur wields a cursed +0 shortbow.
The centaur shoots an arrow.
The arrow hits you!
* * * LOW HITPOINT WARNING * * *
The centaur shoots an arrow.
The arrow hits you!
You die...

# # ### ########## #..
........+ #.# #.....##
#.# ##.#.#.##
######.########......##
#.....@.l........#.#..+
.......##########......#
....... ##..#### .......
#......# ....... ∆
#...l.D# .......
#......§ ...c...
#####.... .......
....#.... #.....#


You could see a wyvern and a centaur.

Vanquished Creatures
  Snorg (D:11)
  A two-headed ogre (D:9)
  Nergalle (D:10)
  Pikel (D:6)
  2 trolls
  Prince Ribbit (D:5)
  3 hippogriffs
  A spriggan (D:10)
  A hungry ghost (D:9)
  Edmund (D:5)
  A water moccasin (D:6)
  An orc warrior (D:8)
  A black bear (D:8)
  An ice beast (D:8)
  2 slaves (D:6)
  A sky beast (D:7)
  A hornet zombie (D:9)
  4 ogres
  2 centaurs
  A big kobold (D:10)
  3 bullfrogs
  A scorpion (D:7)
  5 wights (D:8)
  3 howler monkeys (D:7)
  A bullfrog zombie (D:3)
  A centaur zombie (D:7)
  A jelly (D:6)
  5 orc priests
  5 hounds
  A centaur skeleton (D:8)
  2 bullfrog skeletons
  12 orc wizards
  Natasha (thrice) (D:2)
  6 iguanas
  5 worker ants
  2 worker ant zombies
  7 adders
  4 gnolls (D:9)
  A shadow imp (D:5)
  An ooze (D:1)
  An adder skeleton (D:7)
  An adder zombie (D:7)
  4 worms (D:3)
  2 dart slugs
  4 leopard geckos
  25 orcs
  3 ball pythons
  4 giant cockroaches
  9 goblins
  7 hobgoblins
  9 jackals
  4 quokkas
  5 bats
  6 frilled lizards
  A jackal skeleton (D:4)
  11 kobolds
  2 leopard gecko skeletons
  A quokka skeleton (D:10)
  7 rats
203 creatures vanquished.

Vanquished Creatures (others)
  2 fungi (D:9)
  7 plants
  6 spectral weapons
15 creatures vanquished.

Grand Total: 218 creatures vanquished

Notes
Turn   | Place    | Note
-------+----------+-------------------------------------------
     0 | D:1      | Napalmbreeze the Gnoll Skald began the quest for the Orb.
     0 | D:1      | Reached XP level 1. HP: 20/20 MP: 6/6
   264 | D:1      | Reached XP level 2. HP: 26/26 MP: 7/7
   519 | D:1      | Learned a level 2 spell: Song of Slaying
   586 | D:1      | Reached XP level 3. HP: 25/31 MP: 5/9
   667 | D:1      | Reached skill level 5 in Spellcasting
  1073 | D:2      | Reached skill level 1 in Invocations
  1100 | D:2      | Upgraded the game from 0.24-a0-380-g7ade4d1b3c to
                  | 0.24-a0-434-gd57e52fea8
  1104 | D:2      | Learned a level 3 spell: Spectral Weapon
  1381 | D:2      | Reached skill level 1 in Short Blades
  1381 | D:2      | Reached skill level 1 in Long Blades
  1381 | D:2      | Reached skill level 1 in Axes
  1381 | D:2      | Reached skill level 1 in Maces & Flails
  1381 | D:2      | Reached skill level 1 in Staves
  1381 | D:2      | Reached skill level 1 in Slings
  1381 | D:2      | Reached skill level 1 in Bows
  1381 | D:2      | Reached skill level 1 in Crossbows
  1381 | D:2      | Reached skill level 1 in Throwing
  1381 | D:2      | Reached skill level 1 in Stealth
  1381 | D:2      | Reached skill level 1 in Shields
  1381 | D:2      | Reached skill level 1 in Unarmed Combat
  1381 | D:2      | Reached skill level 1 in Evocations
  1486 | D:2      | Noticed Natasha
  1487 | D:2      | Reached XP level 4. HP: 33/38 MP: 8/11
  1494 | D:2      | Killed Natasha
  1553 | D:2      | Noticed Natasha
  1566 | D:2      | Killed Natasha
  1566 | D:2      | Reached skill level 1 in Conjurations
  1566 | D:2      | Reached skill level 1 in Hexes
  1566 | D:2      | Reached skill level 1 in Summonings
  1566 | D:2      | Reached skill level 1 in Necromancy
  1566 | D:2      | Reached skill level 1 in Translocations
  1566 | D:2      | Reached skill level 1 in Transmutations
  1566 | D:2      | Reached skill level 1 in Fire Magic
  1566 | D:2      | Reached skill level 1 in Ice Magic
  1566 | D:2      | Reached skill level 1 in Air Magic
  1566 | D:2      | Reached skill level 1 in Earth Magic
  1566 | D:2      | Reached skill level 1 in Poison Magic
  1600 | D:2      | Noticed Natasha
  1621 | D:2      | HP: 2/57 [crimson imp[Natasha] (1)]
  1632 | D:2      | Killed Natasha
  1632 | D:2      | Reached XP level 5. HP: 3/43 MP: 1/12
  2511 | D:3      | Found a runed translucent door.
  2511 | D:3      | Noticed Thantalas's ghost (amateur GnFi)
  3053 | D:4      | Reached XP level 6. HP: 47/50 MP: 9/13
  3082 | D:4      | Reached skill level 5 in Fighting
  3082 | D:4      | Reached skill level 5 in Polearms
  3082 | D:4      | Reached skill level 5 in Dodging
  3547 | D:4      | Reached XP level 7. HP: 30/56 MP: 2/15
  4422 | D:4      | Found the -2 hat of the Alchemist {rElec rPois rF+ rC+ rN+
                  | MR+ rMut rCorr}
  4608 | D:5      | Entered Level 5 of the Dungeon
  4609 | D:5      | Noticed Edmund
  5021 | D:5      | Killed Edmund
  5461 | D:5      | Noticed Prince Ribbit
  5475 | D:5      | Killed Prince Ribbit
  5475 | D:5      | Reached XP level 8. HP: 56/63 MP: 8/16
  5706 | D:5      | Found a stormy altar of Qazlal.
  6280 | D:6      | Noticed Pikel
  6298 | D:6      | Killed Pikel
  6298 | D:6      | Reached XP level 9. HP: 55/69 MP: 4/18
  6481 | D:6      | Found a white marble altar of Elyvilon.
  7430 | D:7      | Noticed a troll
  7439 | D:7      | Found a snail-covered altar of Cheibriados.
  7690 | D:7      | Reached skill level 5 in Armour
  7727 | D:7      | Found a staircase to the Ecumenical Temple.
  7752 | Temple   | Entered the Ecumenical Temple
  7885 | Temple   | Became a worshipper of Warmaster Okawaru
  8005 | D:8      | Got a bloodstained rapier
  8070 | D:8      | Reached skill level 5 in Invocations
  8260 | D:8      | Reached * piety under Okawaru
  8388 | D:8      | Reached XP level 10. HP: 34/77 MP: 6/20
  9011 | D:8      | Found a radiant altar of Vehumet.
  9011 | D:8      | Found a shadowy altar of Dithmenos.
  9011 | D:8      | Found an ancient bone altar of Kikubaaqudgha.
  9330 | D:9      | Reached skill level 5 in Short Blades
  9330 | D:9      | Reached skill level 5 in Long Blades
  9330 | D:9      | Reached skill level 5 in Axes
  9330 | D:9      | Reached skill level 5 in Maces & Flails
  9330 | D:9      | Reached skill level 5 in Staves
  9330 | D:9      | Reached skill level 5 in Slings
  9330 | D:9      | Reached skill level 5 in Bows
  9330 | D:9      | Reached skill level 5 in Crossbows
  9330 | D:9      | Reached skill level 5 in Throwing
  9330 | D:9      | Reached skill level 5 in Stealth
  9330 | D:9      | Reached skill level 5 in Shields
  9330 | D:9      | Reached skill level 5 in Unarmed Combat
  9330 | D:9      | Reached skill level 5 in Evocations
  9949 | D:7      | Reached ** piety under Okawaru
 10219 | D:9      | Found a burning altar of Makhleb.
 10297 | D:9      | Noticed a two-headed ogre
 10305 | D:9      | Killed a two-headed ogre
 10315 | D:9      | Found a sacrificial altar of Ru.
 10385 | D:9      | Found a runed translucent gate.
 10385 | D:9      | Found a runed translucent gate.
 10385 | D:9      | Found a runed translucent gate.
 10386 | D:9      | Noticed a kobold demonologist
 10386 | D:9      | Noticed a kobold demonologist
 10386 | D:9      | Identified the +7 whip of Plog {pain, *Noise rPois rC+
                  | SInv}
 10448 | D:9      | Noticed Chimkentus's ghost (novice OpAs)
 10703 | D:10     | Entered Level 10 of the Dungeon
 10735 | D:10     | Found a runed translucent door.
 10735 | D:10     | Found a shimmering altar of Xom.
 10735 | D:10     | Noticed sentinel's ghost (journeyman MfMo)
 10735 | D:10     | Noticed a +5 hand axe of chaos
 10776 | D:10     | Found a staircase to the Lair.
 11075 | D:10     | Noticed Nergalle
 11082 | D:10     | Killed Nergalle
 11294 | D:10     | You fall into a shaft and drop 1 floor!
 11299 | D:11     | Noticed Snorg
 11314 | D:11     | Killed Snorg
 11314 | D:11     | Reached *** piety under Okawaru
 11314 | D:11     | Reached XP level 11. HP: 59/84 MP: 6/22
 11350 | D:11     | Noticed Sonja
 11385 | D:11     | Found a shadowy altar of Dithmenos.
 11393 | D:11     | Noticed an eight-headed hydra
 11404 | D:11     | Shot with an arrow by a centaur

Levels and vault maps discovered:
D:1:      erik_arrival_cave_to_civilisation [erik_arrival_cave_to_hall],
          layout_loops_ring
D:2:      layout_basic, first_ration, uniq_natasha
D:3:      layout_loops_ring, hellmonk_ghost_happy_afterlife
D:4:      layout_layer_cave
D:5:      layout_basic, nicolae_qazlal_eye_of_the_storm, uniq_prince_ribbit1,
          uniq_edmund
D:6:      layout_cave_pools, elyvilon_altar_4, lemuel_flame_loot_1, uniq_pikel
D:7:      layout_basic, kennysheep_little_box, minmay_temple_entry_overgrown
D:8:      layout_cave_pools, gammafunk_temple_overflow_claw
D:9:      layout_irregular_city, nicolae_ru_awakened_eye,
          lightli_temple_of_fire, gammafunk_ghost_nasty_kobolds
D:10:     layout_roguey, david_lair_shrubbed, ebering_ghost_xom, grunt_pizzeria,
          uniq_nergalle
D:11:     layout_basic, serial_glass, glass_columns_a, glass_columns_a,
          nicolae_dithmenos_shadow_blocks, uniq_snorg, uniq_sonja
Temple:   regret_index_temple_waves

Skill      XL: |  1  2  3  4  5  6  7  8  9 10 |
---------------+-------------------------------+-----
Spellcasting   | 5 6 7 |  7.8
Invocations    | 1 2 3 4 5 6 |  6.4
Short Blades   | 1 2 3 4 5 |  5.8
Long Blades    | 1 2 3 4 5 |  5.8
Axes           | 1 2 3 4 5 |  5.8
Maces & Flails | 1 2 3 4 5 |  5.8
Staves         | 1 2 3 4 5 |  5.8
Slings         | 1 2 3 4 5 |  5.8
Bows           | 1 2 3 4 5 |  5.8
Crossbows      | 1 2 3 4 5 |  5.8
Throwing       | 1 2 3 4 5 |  5.8
Stealth        | 1 2 3 4 5 |  5.8
Shields        | 1 2 3 4 5 |  5.8
Unarmed Combat | 1 2 3 4 5 |  5.8
Evocations     | 1 2 3 4 5 |  5.8
Conjurations   | 1 2 3 4 |  4.8
Hexes          | 1 2 3 4 |  4.8
Summonings     | 1 2 3 4 |  4.8
Necromancy     | 1 2 3 4 |  4.8
Translocations | 1 2 3 4 |  4.8
Transmutations | 1 2 3 4 |  4.8
Fire Magic     | 1 2 3 4 |  4.8
Ice Magic      | 1 2 3 4 |  4.8
Air Magic      | 1 2 3 4 |  4.8
Earth Magic    | 1 2 3 4 |  4.8
Poison Magic   | 1 2 3 4 |  4.8
Armour         | 3 4 5 6 |  6.4
Fighting       | 5 6 7 |  7.5
Polearms       | 5 6 7 |  7.5
Dodging        | 5 6 7 |  7.5
Charms         | 6 7 |  7.4

Action                   |  1- 3 |  4- 6 |  7- 9 | 10-12 || total
-------------------------+-------+-------+-------+-------++-------
Melee: Spear             |   126 |   170 |   411 |    18 ||   725
       Bite              |    13 |    19 |    45 |    19 ||    96
       Punch             |     1 |     2 |     8 |       ||    11
       Halberd           |       |       |       |   187 ||   187
 Cast: Infusion          |     3 |     8 |    22 |    11 ||    44
       Spectral Weapon   |     1 |    12 |    33 |    27 ||    73
       Song of Slaying   |       |     4 |     6 |       ||    10
Invok: Heroism           |       |       |     1 |     5 ||     6
  Use: Scroll            |     1 |     3 |     7 |     4 ||    15
       Potion            |       |     4 |     2 |     2 ||     8
 Stab: Sleeping          |     4 |     2 |     6 |     2 ||    14
       Distracted        |       |     2 |     5 |     6 ||    13
  Eat: Chunk             |     2 |     7 |    11 |    12 ||    32
       Ration            |       |       |     2 |       ||     2
Armor: Leather armour    |    13 |    27 |    41 |       ||    81
       Skin              |       |    11 |       |       ||    11
       Scale mail        |       |       |    44 |    63 ||   107
       Troll leather arm |       |       |       |    14 ||    14
Dodge: Dodged            |    54 |    93 |   198 |   174 ||   519

Table legend:
 A = Non-vault XP
 B = Vault XP
 C = Vault XP percentage of total XP
 D = Non-vault monster count
 E = Vault monster count
 F = Vault count percentage of total count
                 A         B        C        D         E       F
            +---------+---------+-------+---------+---------+-------
      Total |    6809 |    3245 |  32.3 |     192 |       9 |   4.5
            +---------+---------+-------+---------+---------+-------
        D:1 |      42 |       3 |   6.7 |      22 |       2 |   8.3
        D:2 |     123 |      35 |  22.2 |      20 |       1 |   4.8
        D:3 |     103 |       0 |   0.0 |      21 |       0 |   0.0
        D:4 |     402 |       0 |   0.0 |      25 |       0 |   0.0
        D:5 |     447 |     443 |  49.8 |      12 |       2 |  14.3
        D:6 |     463 |     586 |  55.9 |      11 |       1 |   8.3
        D:7 |    1057 |       0 |   0.0 |      26 |       0 |   0.0
        D:8 |    1813 |       0 |   0.0 |      26 |       0 |   0.0
        D:9 |    1856 |       0 |   0.0 |      20 |       0 |   0.0
       D:10 |     490 |    1005 |  67.2 |       8 |       2 |  20.0
       D:11 |      13 |    1173 |  98.9 |       1 |       1 |  50.0
            +---------+---------+-------+---------+---------+-------
